 Dungeon Crawl Stone Soup version 0.14.0-6-g1bc2dff (webtiles) character file.

146 Iskender the Scratcher (level 3, 17/17 HPs)
             Began as a Felid Chaos Knight on Apr 12, 2014.
             Was a Plaything of Xom.
             Quit the game on Level 2 of the Dungeon.
             The game lasted 00:10:25 (1968 turns).

Iskender the Scratcher (Felid Chaos Knight)         Turns: 1968, Time: 00:10:25

HP  17/17        AC  1     Str  8      XL: 3   Next: 50%
MP   5/5         EV 18     Int 14      God: Xom
Gold 98          SH  0     Dex 15      Spells:  0 memorised,  2 levels left
Lives: 0, deaths: 1

rFire  . . .     SeeInvis +       - Unarmed
rCold  . . .     Clarity  .     (armour unavailable)
rNeg   . . .     Conserve .     (shield unavailable)
rPois  .         rCorr    .     (helmet unavailable)
rElec  .         rRot     .     (cloak unavailable)
SustAb . .       Spirit   .     (gloves unavailable)
rMut   .         Warding  .     (boots unavailable)
Saprov . . .     Stasis   .     (no amulet)
MR     +....                    (no ring)
                                i - ring of protection from magic

@: quick, somewhat resistant to hostile enchantments, quite stealthy
A: paw claws, no armour, no weapons or thrown items, fangs 3, see invisible,
carnivore 3, speed 1, shaggy fur 1, slow metabolism 1, jump 1
a: Jump Attack, Renounce Religion


You were on level 2 of the Dungeon.
You worshipped Xom.
You were a beloved toy of Xom.
You were not hungry.

You visited 1 branch of the dungeon, and saw 3 of its levels.

You collected 98 gold pieces.

Inventory:

Missiles
 a - 19 stones
Comestibles
 c - 2 meat rations
Scrolls
 e - a scroll of teleportation {unknown}
 g - a scroll of identify
 k - a scroll of recharging {unknown}
 m - a scroll of enchant armour {unknown}
Jewellery
 i - a ring of protection from magic (left paw)
Potions
 b - a potion of paralysis {unknown}
 d - a potion of might {unknown}
 f - 2 potions of poison {unknown}
 h - a potion of cure mutation {unknown}
 j - a potion of curing {unknown}
 l - a potion of lignification


   Skills:
 - Level 3.0 Fighting
 - Level 3.2 Dodging
 - Level 3.5 Stealth
 + Level 4.6 Unarmed Combat


You had 2 spell levels left.
You didn't know any spells.

Dungeon Overview and Level Annotations

Branches:
Dungeon (3/15)

Altars:


Innate Abilities, Weirdness & Mutations

You cannot wear armour.
You are incapable of wielding weapons or throwing items.
Your paws have sharp claws.
You have razor-sharp teeth.
You have supernaturally acute eyesight.
You are carnivorous and can eat meat at any time.
You cover ground quickly.
You are covered in fur (AC +1).
You have a slow metabolism.
You can jump attack at a short distance.


Message History

The quokka is severely wounded.
The quokka completely misses you.
You claw the quokka!
You kill the quokka!
There is a stone staircase leading up here.
The orc hits you with a short sword.
The orc hits you from afar with a trident.
* * * LOW HITPOINT WARNING * * *
You climb upwards.
There is a stone staircase leading down here.
You scratch the orc but do no damage. The orc barely misses you.
You scratch the orc.
The orc begins to bleed from its wounds!
The orc is moderately wounded.
The orc hits you with a short sword.
You die...
You are now level 3!
Xom thinks this is hilarious!
You rejoin the land of the living...
Are you sure you want to abandon this character and quit the game? (Confirm with "yes".)

....#######......'.#..........#.#
##### #......###..........+.# #
####'##### #..........### ##
#....# ########.### .# #.####
#####..#### .# ##.#
###.........## .# #..#
#.'.........+. '##
##'###########.#>.%......#.
..#####.........@.##.#.........#.
..#...'...........'..#......%.(##
..+.###...........####........(##
..### #...........# #.....).(.#
### #...........# #######'### ##
####'######## #(# .# #.# #.# .###
#.## #<# .).# #.<# #####.##


There were no monsters in sight!

Vanquished Creatures
  A giant frog zombie (D:3)
  3 adders (D:3)
  An orc (D:3)
  5 bats
  3 giant cockroaches
  5 goblins
  4 hobgoblins
  2 jackals (D:3)
  6 kobolds
  5 giant geckos
  3 giant newts
  A quokka (D:3)
  5 rats (D:2)
44 creatures vanquished.

Notes
Turn   | Place    | Note
--------------------------------------------------------------
     0 | D:1      | Iskender, the Felid Chaos Knight, began the quest for the Orb.
     0 | D:1      | Reached XP level 1. HP: 10/10 MP: 2/2
    37 | D:1      | Reached skill level 1 in Stealth
   170 | D:1      | Reached XP level 2. HP: 12/14 MP: 3/3
   399 | D:1      | XOM: potion effect (berserk rage)
   512 | D:1      | XOM: divination: detect creatures
   626 | D:2      | XOM is BORED!
   626 | D:2      | XOM: noise
  1177 | D:2      | Reached XP level 3. HP: 14/17 MP: 5/5
  1243 | D:2      | XOM: cast spell 'Summon Butterflies'
  1473 | D:3      | Reached skill level 4 in Unarmed Combat
  1473 | D:3      | Reached XP level 4. HP: 6/21 MP: 7/7
  1710 | D:3      | XOM: confuse monster(s)
  1867 | D:3      | XOM: god gift: plate armour {god gift}
  1967 | D:2      | Slain by an orc
  1968 | D:2      | Reached XP level 3. HP: -2/17 MP: 5/5
  1968 | D:2      | Quit the game

Action                   |  1- 3 |  4- 6 || total
-------------------------+-------+-------++-------
Melee: Unarmed           |    75 |    23 ||    98
  Use: Scroll            |     2 |       ||     2
 Stab: Distracted        |     2 |       ||     2
       Sleeping          |     8 |     1 ||     9
       Confused          |       |     1 ||     1
